 Dungeon Crawl Stone Soup version 0.29-a0-330-g52719c12eb (webtiles) character file.

Game seed: 16474180879604963740

161 gruber the Conjurer (level 5, -3/38 HPs)
             Began as a Draconian Conjurer on Apr 29, 2022.
             Slain by a river rat (4 damage)
             ... in a sewer.
             The game lasted 00:03:42 (2805 turns).

gruber the Conjurer (Draconian Conjurer)            Turns: 2805, Time: 00:03:43

Health: -3/38      AC:  5    Str:  8 (9)  XL:     5   Next: 18%
Magic:  0/8        EV: 12    Int: 18 (20) God:
Gold:   87         SH:  0    Dex:  9 (12) Spells: 5/8 levels left

rFire   . . .      SeeInvis .   e - +0 dagger
rCold   . . .      Faith    .   (no shield)
rNeg    . . .      Spirit   .   (body armour unavailable)
rPois   .          Reflect  .   (helmet restricted)
rElec   .          Harm     .   (no cloak)
rCorr   .          Rampage  .   (no gloves)
Will    .....                   (no boots)
Stlth   ++........              (no amulet)
HPRegen 0.12/turn               (no ring)
MPRegen 0.11/turn               (no ring)

@: hasted, very quick
A: AC +5, unfitting armour, cold-blooded, stinger 1, agile 1
a: no special abilities


You were in a sewer.
You visited 1 branch of the dungeon, and saw 3 of its levels.
You also visited: Sewer.

You collected 87 gold pieces.

Inventory:

Hand Weapons
 e - a +0 dagger (weapon)
Scrolls
 c - a scroll of identify {unknown}
 f - a scroll of fog {unknown}
 h - a scroll of enchant armour {unknown}
 i - 3 scrolls of enchant weapon {unknown}
 j - a scroll of teleportation {unknown}
Potions
 a - a potion of magic
 d - a potion of mutation
 g - a potion of degeneration


   Skills:
 - Level 1.7 Dodging
 - Level 1.7 Stealth
 - Level 2.0 Spellcasting
 * Level 6.5 Conjurations


You had 5 spell levels left.
You knew the following spells:

 Your Spells              Type           Power      Damage    Failure   Level
a - Magic Dart            Conj           100%       1d8       1%          1
b - Searing Ray           Conj           50%        2d6       1%          2

Your spell library contained the following spells:

 Spells                   Type           Power      Damage    Failure   Level
 Dazzling Flash           Conj/Hex       26%        N/A       14%         3
 Blink                    Tloc           2%         N/A       26%         2
 Corpse Rot               Necr/Air       2%         N/A       26%         2
 Fulminant Prism          Conj/Hex       6%         3d7       43%         4
 Iskenderun's Mystic Bla  Conj/Tloc      13%        2d5       43%         4
 Lesser Beckoning         Tloc           1%         N/A       47%         3
 Dispel Undead            Necr           1%         3d6       87%         4
 Manifold Assault         Tloc           1%         N/A       99%         5
 Death Channel            Necr           0%         N/A       100%        6


Dungeon Overview and Level Annotations

Branches:
Dungeon (2/15)              Sewer (1/1)

Altars:
Okawaru

Annotations:
D:2 Sigmund


Innate Abilities, Weirdness & Mutations

Your plain brown scales are hard. (AC +5)
You cannot fit into any form of body armour.
You are cold-blooded and may be slowed by cold attacks.
Your tail ends in a venomous barb.
You are agile. (Dex +2)


Message History

The river rat is moderately wounded.
The rat bites you but does no damage. The river rat bites you.
* * * LOW HITPOINT WARNING * * *
You barely miss the river rat.
The river rat is moderately wounded.
The rat bites you but does no damage.
The river rat bites you but does no damage.
You hit the river rat but do no damage.
The river rat is moderately wounded.
The rat barely misses you. The river rat bites you!
* * * LOW HITPOINT WARNING * * *
You closely miss the river rat.
The river rat is moderately wounded.
The rat splashes around in the water.
The river rat barely misses you.
It was a potion of haste.
You feel yourself speed up. The rat bites you.
* * * LOW HITPOINT WARNING * * *
The river rat closely misses you.
It was a potion of degeneration.
There was something very wrong with that liquid.
You feel weakened.
You feel dopey.
You feel clumsy. The rat closely misses you.
It was a potion of mutation.
You feel extremely strange.
A venomous barb forms on the end of your tail.
You feel agile.
The river rat bites you but does no damage.
The rat bites you.
* * * LOW HITPOINT WARNING * * *
Unknown command.
You closely miss the river rat.
The river rat is moderately wounded.
The river rat barely misses you.
Casting: Magic Dart (safe; 1% risk of failure)
Confirm with . or Enter, or press ? or * to list all spells.
Aiming: Magic Dart (safe; 1% risk of failure)
Press: ? - help, Shift-Dir - straight line, f/p - river rat
Aim: a river rat (moderately wounded, 100% to hit)
The magic dart hits the river rat but does no damage.
The river rat is moderately wounded.
The rat misses you. The river rat bites you.
You die...

##†..# ##...## #
##################....#
###.#≈≈≈≈≈≈≈≈≈≈≈≈≈≈≈......#
##...≈≈≈≈≈≈≈≈≈≈≈≈≈≈≈≈≈....##
#....≈≈≈≈≈≈≈≈≈≈≈≈≈≈≈≈≈....#
.....≈≈≈≈≈≈≈≈≈#≈≈≈≈≈≈≈†...#
.†...≈≈≈≈≈#≈≈r≈≈≈≈≈≈≈≈...##
......≈≈≈≈≈≈≈r@≈≈≈≈≈≈#.###
.†..####################
..†# ..# ..


You could see a river rat and a rat.

Vanquished Creatures
  8 adders
  2 river rats
  2 worms
  A dart slug (D:2)
  5 ball pythons
  2 endoplasms (D:2)
  3 giant cockroaches (D:1)
  5 goblins
  3 hobgoblins
  8 jackals
  A quokka (D:2)
  4 bats
  4 frilled lizards
  5 kobolds
  20 rats
73 creatures vanquished.

Vanquished Creatures (others)
  A demonic plant (D:1)
  A fungus (D:1)
  7 plants (D:1)
  A withered plant (D:1)
10 creatures vanquished.

Grand Total: 83 creatures vanquished

Notes
Turn   | Place    | Note
-------+----------+-------------------------------------------
     0 | D:1      | gruber the Draconian Conjurer began the quest for the Orb.
     0 | D:1      | Reached XP level 1. HP: 14/14 MP: 3/3
   195 | D:1      | Reached XP level 2. HP: 15/20 MP: 1/5
   941 | D:1      | Found a faded altar of an unknown god.
  1048 | D:1      | Reached skill level 5 in Conjurations
  1296 | D:2      | Reached XP level 3. HP: 26/26 MP: 0/6
  1639 | D:2      | Reached XP level 4. HP: 33/33 MP: 0/7
  1730 | D:2      | Noticed Sigmund
  1835 | D:2      | Learned a level 2 spell: Searing Ray
  2333 | D:2      | You fall into a shaft and drop 1 floor!
  2333 | D:3      | Found a glowing drain.
  2337 | D:3      | Found an iron altar of Okawaru.
  2349 | D:3      | Reached skill level 6 in Conjurations
  2455 | Sewer    | Entered a sewer
  2774 | Sewer    | Reached XP level 5. HP: 38/38 MP: 1/8
  2803 | Sewer    | Gained mutation: Your tail ends in a venomous barb. [potion
                  | of mutation]
  2803 | Sewer    | Gained mutation: You are agile. (Dex +2) [potion of
                  | mutation]
  2803 | Sewer    | HP: 1/38 [rat (1)]
  2805 | Sewer    | Slain by a river rat

Illustrated notes

Levels and vault maps discovered:
D:1:      dpeg_arrival_connections, layout_rooms, shapermc_ecumenical_altar_gd,
          serial_bayou_lagoon_a, minmay_misc_feat_five, minmay_pentomino_z2
D:2:      layout_basic, uniq_sigmund
D:3:      layout_basic, mainiacjoe_overflow_alcove_4,
          mainiacjoe_overflow_big_doors, portal_sewer_entry_a,
          ebering_ghost_sewer_f, minmay_pentomino_pile
Sewer:    sewer_minmay_w

Skill      XL: |  1  2  3  4 |
---------------+-------------+-----
Conjurations   | 5 6 |  6.5
Dodging        | |  1.7
Stealth        | |  1.7
Spellcasting   | |  2.0

Action                   |  1- 3 |  4- 6 || total
-------------------------+-------+-------++-------
Melee: Unarmed           |    27 |       ||    27
       Tailslap          |     5 |     2 ||     7
       Dagger            |    29 |    20 ||    49
 Cast: Magic Dart        |    66 |    59 ||   125
       Searing Ray       |       |     3 ||     3
  Use: Potion            |       |     3 ||     3
Armor: Skin              |    21 |    29 ||    50
Dodge: Dodged            |    61 |    42 ||   103

Table legend: (Time is in decaauts)
 A = Elapsed time spent in this place.
 B = Non-inter-level travel time spent in this place.
 C = Inter-level travel time spent in this place.
 D = Time resting spent in this place.
 E = Time spent auto-exploring this place.
 F = Levels seen in this place.
 G = Mean time per level.
                   A        B        C        D        E       F      G
               +--------+--------+--------+--------+--------+-----+--------+
         Total |   2847 |   2759 |     88 |      0 |   2303 |   4 |  711.8 |
       Dungeon |   2472 |   2384 |     88 |      0 |   2014 |   3 |  824.0 |
         Sewer |    374 |    374 |      0 |      0 |    289 |   1 |  374.0 |
               +--------+--------+--------+--------+--------+-----+--------+

Top non-repeatable levels by time:
     D:1: 1353 daAuts
     D:2: 996 daAuts
   Sewer: 374 daAuts
     D:3: 122 daAuts
